AoeStats
← 欢乐小菜鸟

Black Forest

506830803Analyzed
4v4 RM · 17d ago on Sep 15, 2026· 26m 22s· 8 players
Game mode
Random Map
Map size
Large (8 player)
Population
200
Speed
Normal
Resources
Standard
Victory
Conquest
Starting age
Dark Age
Ending age
Imperial Age
RankedLock teamsTeams togetherTeam positionsShared explorationLock speedFull tech treeHidden civsTurbo modeCheats
Victory
Defeat
🇹🇼 Japanese · Taiwan
1057
+11
🇹🇼 Bohemians · Taiwan
1000
+14
🇻🇳 Huns · Vietnam
912
+17
🇹🇼 Teutons · Taiwan
889
+19
🇨🇳 Huns · China
969
-16
🇨🇳 Franks · China
955
-16
🇧🇷 Bohemians · Brazil
945
-15
🇹🇷 Turks · Türkiye
908
-14
ertk
carlosauberto
0:29 Loom
卢本伟
欢乐小菜鸟
bubu09
0:30 Loom
12:58 Feudal Age
18:15 Castle Age
17:53 Wheelbarrow
22:21 Chemistry
25:04 Double-Bit Axe
Mors
0:28 Loom
NiNi
0:27 Loom
11:50 Feudal Age
15:16 Forging
15:11 Scale Mail Armor
23:11 Castle Age
24:39 Pikeman
26:58 Iron Casting
26:38 Chain Mail Armor
LE MINH NHAT
15:49 Feudal Age
16:35 Double-Bit Axe
17:36 Stone Mining
22:17 Castle Age
Connection lost

Rejoining the realm…

Still unreachable

The connection could not be restored.

Session expired

The server has moved on; the page needs a fresh start.